 Dungeon Sprint DCSS version 0.16.2-12-gd0ad4c3 (webtiles) character file.

94 musteatbrain the Cleaver (level 6, -10/63 HPs)
             Began as a Minotaur Berserker on Oct 15, 2015.
             Was a Priest of Trog.
             Mangled by a giant anaconda (13 damage)
             ... in the Dungeon (Sprint VI: "Thunderdome").
             The game lasted 00:05:30 (669 turns).

musteatbrain the Cleaver (Minotaur Berserker)        Turns: 669, Time: 00:05:30

Health: -10/63     AC:  2    Str: 26    XL:     6   Next: 0%
Magic:  3/3        EV: 13    Int:  6    God:    Trog [***...]
Gold:   25         SH:  0    Dex: 19    Spells: 0 memorised, 5 levels left

rFire  . . .     SeeInvis .     a - +0 hand axe
rCold  x . .     Clarity  .     b - +0 animal skin
rNeg   . . .     SustAb   +     (no shield)
rPois  .         Gourm    .     (helmet restricted)
rElec  +         Spirit   .     (no cloak)
rCorr  .         Warding  .     (no gloves)
rMut   .         NoTele   +     (no boots)
MR     ++...                    (no amulet)
Stlth  ++........               s - ring of the Will of the Gods {+Fly rC- Str+4 Int+2 Dex+2}
                                q - ring "Stieta" {SustAb rElec Dex+6}

@: regenerating, constricted, very resistant to hostile enchantments, unstealthy
A: retaliatory headbutt, horns 2
a: Burn Spellbooks, Berserk, Trog's Hand, Renounce Religion, Evoke Flight


You were in the Dungeon.
You worshipped Trog.
Trog was most pleased with you.
You were hungry.

You visited 1 branch You collected 340 gold pieces.
You spent 315 gold pieces at shops.

Inventory:

Hand weapons
 a - a +0 hand axe (weapon)
Armour
 b - a +0 animal skin (worn)
Jewellery
 q - the ring "Stieta" (left hand) {SustAb rElec Dex+6}
   (You bought it in a shop in the Dungeon)

   [ring of sustain abilities]

   It sustains your strength, intelligence and dexterity.
   It affects your dexterity (+6).
   It insulates you from electricity.
 s - the ring of the Will of the Gods (right hand) {+Fly rC- Str+4 Int+2 Dex+2}
   (You bought it in a shop in the Dungeon)

   [ring of dexterity]

   It affects your strength (+4).
   It affects your intelligence (+2).
   It affects your dexterity (+2).
   It makes you vulnerable to cold.
   It lets you fly.
Magical devices
 k - a wand of cold (0)
 l - a wand of fire (3)
Scrolls
 i - 4 scrolls of blinking
 m - 3 scrolls of fog
Potions
 d - a potion of curing
 e - 4 potions of heal wounds
 f - 4 potions of haste
 g - 2 potions of magic
 h - a potion of berserk rage
 j - a potion of resistance
 n - a potion of restore abilities {unknown}
Comestibles
 c - a bread ration


   Skills:
 + Level 9.3 Fighting
 * Level 12.3 Axes
 - Level 2.4 Armour
 - Level 2.1 Dodging


You had 5 spell levels left.
You didn't know any spells.

Dungeon Overview and Level Annotations

Branches:
Dungeon (1/1)

Altars:
Cheibriados
Dithmenos
Fedhas
Gozag
Kikubaaqudgha
Makhleb
Okawaru
Qazlal
Ru
Sif Muna
Trog
Vehumet
Xom
Yredelemnul
Zin
The Shining One
Jiyva
Lugonu

Shops:
D *[%??*?*:[((!!!!


Innate Abilities, Weirdness & Mutations

You reflexively headbutt those who attack you in melee.
You have a pair of horns on your head.


Message History

p - the amulet "Fikkuime" (around neck) {Gourm rPois Str-3 Int+2} You drop the amulet "Fekhlecea" {Stasis MR+}.
You remove the amulet "Fikkuime" {Gourm rPois Str-3 Int+2}.
You drop the amulet "Fikkuime" {Gourm rPois Str-3 Int+2}.
A giant anaconda comes into view.
The giant anaconda hisses angrily.
The giant anaconda moves out of view.
The giant anaconda grabs you. The giant anaconda bites you.
The giant anaconda constricts you. The giant anaconda bites you!
* * * LOW HITPOINT WARNING * * *
x2 The giant anaconda constricts you.
Use which ability? (? or * to list)
Your skin crawls.
You feel resistant to hostile enchantments.
You feel slightly more hungry.
You can no longer call in reinforcements.
The giant anaconda bites you!
* * * LOW HITPOINT WARNING * * *
x2 The giant anaconda constricts you.
The giant anaconda bites you!
You die...

#∩.......∩# #........_#
#_......._# #...%.).._#
###.........###
#⌠..........[⌠#
######.8)(.......8.##
##∩.__S(...)###......_
###∩...@..).8.# #.8.....
##....=........###.......
#⌠..........###...###....
#⌠..........# #.<.# #....
#⌠..........###...###....
##.............###.......
###∩........8.# #.8.....
##∩_._......###......_
######.8.........8.##


You could see a giant anaconda.

Vanquished Creatures
  A wraith (D)
  A wight (D)
  Jessica (D)
  3 adders (D)
  A worm (D)
  A spectral adder (D)
  2 adder skeletons (D)
  A spectral bat (D)
  A ball python (D)
  2 hobgoblins (D)
  5 kobolds (D)
  2 spectral jackals (D)
21 creatures vanquished.

Vanquished Creatures (others)
  A kobold (D)
1 creature vanquished.

Grand Total: 22 creatures vanquished

Notes
Turn   | Place    | Note
--------------------------------------------------------------
     0 | D        | musteatbrain, the Minotaur Berserker, began the quest for the Orb.
     0 | D        | Reached XP level 1. HP: 19/19 MP: 1/1
     3 | D        | Found a corrupted altar of Lugonu.
     3 | D        | Found a shimmering altar of Xom.
     4 | D        | Found a deep blue altar of Sif Muna.
     4 | D        | Found a viscous altar of Jiyva.
     5 | D        | Found an ancient bone altar of Kikubaaqudgha.
     5 | D        | Found a blossoming altar of Fedhas.
     5 | D        | Round 1.
     6 | D        | Found a glowing silver altar of Zin.
     6 | D        | Found Xythis' Staff Store.
     6 | D        | Found Skoxe's Must-Have Magic.
     6 | D        | Noticed Jessica
     7 | D        | Found Xisuix's Distillery.
    12 | D        | Killed Jessica
    12 | D        | Reached skill level 5 in Fighting
    12 | D        | Reached skill level 6 in Axes
    12 | D        | Reached XP level 2. HP: 20/29 MP: 1/1
    16 | D        | Found Ybikuit's Magic Scroll Shop.
    30 | D        | Acquired Trog's second power
    79 | D        | Found Yhainem's Distillery.
    88 | D        | Found Khiad's Magic Scroll Shop.
    99 | D        | Reached skill level 7 in Axes
    99 | D        | Reached XP level 3. HP: 7/36 MP: 2/2
   102 | D        | Arena points: 14 (+14) [x2]
   170 | D        | Round 2.
   172 | D        | Found a burning altar of Makhleb.
   314 | D        | Reached skill level 8 in Axes
   321 | D        | Found a snail-covered altar of Cheibriados.
   323 | D        | Found Umif's Bee Food.
   325 | D        | Found Vyaxt's Jewellery.
   327 | D        | Found a sacrificial altar of Ru.
   328 | D        | Found a glowing golden altar of the Shining One.
   329 | D        | Found Ciduh's Advanced Armour.
   329 | D        | Found Uhistir's Identification Station.
   332 | D        | Found a bloodstained altar of Trog.
   334 | D        | Found an iron altar of Okawaru.
   336 | D        | Found Kikoic's Premium Goods.
   337 | D        | Found Kluulyad's Miscellaneous Merchandise.
   338 | D        | Found an opulent altar of Gozag.
   339 | D        | Found a radiant altar of Vehumet.
   340 | D        | Found a basalt altar of Yredelemnul.
   341 | D        | Found Lyicy's Weapon Rack.
   341 | D        | Found Emualaug's Basic Armour.
   344 | D        | Found a stormy altar of Qazlal.
   346 | D        | Found a shadowy altar of Dithmenos.
   347 | D        | Found Qaliod's Do-It-Yourself Clinic.
   349 | D        | Found Wazy's Bottled Wisdom.
   357 | D        | Arena points: 24 (+10) [x1]
   372 | D        | Round 3.
   382 | D        | Received a gift from Trog
   388 | D        | Acquired Trog's third power
   414 | D        | Arena points: 66 (+42) [x2]
   449 | D        | Round 4.
   483 | D        | Bought a steaming jade ring for 45 gold pieces
   483 | D        | Bought a shimmering silver ring for 45 gold pieces
   483 | D        | Bought a clouded golden ring for 45 gold pieces
   483 | D        | Bought a scintillating ivory ring for 45 gold pieces
   483 | D        | Bought a brightly glowing tin ring for 45 gold pieces
   483 | D        | Identified the ring "Ghocufeg" {Fire rN+ Int+6 Slay+3} (You bought it in a shop in the Dungeon)
   484 | D        | Identified the ring "Stadan" {MR+ Str+2 Int+3} (You bought it in a shop in the Dungeon)
   489 | D        | Identified the ring "Stieta" {SustAb rElec Dex+6} (You bought it in a shop in the Dungeon)
   491 | D        | Identified the ring "Khehysen" {rElec rC- MP+9 Int+4 Slay+3 Stlth-} (You bought it in a shop in the Dungeon)
   493 | D        | Identified the ring of the Will of the Gods {+Fly rC- Str+4 Int+2 Dex+2} (You bought it in a shop in the Dungeon)
   500 | D        | Bought a scintillating pewter amulet for 45 gold pieces
   500 | D        | Identified the amulet "Fekhlecea" {Stasis MR+} (You bought it in a shop in the Dungeon)
   523 | D        | Reached XP level 4. HP: 41/45 MP: 2/2
   547 | D        | Reached skill level 9 in Axes
   615 | D        | Noticed a wraith
   627 | D        | Noticed a wraith
   629 | D        | Killed a wraith
   629 | D        | Reached skill level 12 in Axes
   629 | D        | Reached XP level 5. HP: 30/57 MP: 2/2
   629 | D        | Reached XP level 6. HP: 33/63 MP: 3/3
   636 | D        | Arena points: 94 (+28) [x1]
   651 | D        | Round 5.
   659 | D        | Bought a fine bone amulet for 45 gold pieces
   660 | D        | Identified the amulet "Fikkuime" {Gourm rPois Str-3 Int+2} (You bought it in a shop in the Dungeon)
   666 | D        | Noticed a giant anaconda
   669 | D        | HP: 3/63 [giant anaconda (3)]
   669 | D        | Mangled by a giant anaconda

Action                   |  1- 3 |  4- 6 || total
-------------------------+-------+-------++-------
Melee: Hand axe          |    36 |    20 ||    56
Invok: Berserk           |     1 |       ||     1
       Trog's Hand       |     3 |     3 ||     6
Evoke: Wand              |     7 |       ||     7
